[Event "Icelandic Chess-ch 2023"]
[Site "Hafnarfjordur"]
[Date "2023.05.15"]
[Round "1.1"]
[White "Domalchuk-Jonasson, Aleksandr"]
[Black "Ptacnikova, Lenka"]
[Result "0-1"]
[ECO "E18"]
[WhiteElo "2338"]
[BlackElo "2099"]
[Annotator "TA"]
[PlyCount "104"]
[EventDate "2023.05.13"]
[EventType "tourn"]
[EventCountry "ISL"]
[SourceTitle "playchess.com"]
[Source "ChessBase"]
[SourceQuality "1"]
[TimeControl "40/5400+30:1800+30"]

1. d4 Nf6 2. Nf3 e6 3. c4 b6 4. g3 Bb7 5. Bg2 Be7 6. O-O O-O 7. Nc3 Ne4 8. Bd2 Bf6 9. Re1 {[%emt 0:01:15] E18: Queen's Indian: Old Main Line (4 g3 Bb7 5 Bg2 Be7 6 0-0 0-0 7 Nc3).} Nxc3 10. Bxc3 Be4 {[%emt 0:00:10] [#]} 11. Nd2 $146 {[%emt 0:19:06] White is slightly better.} ({Predecessor:} 11. Qd2 d6 12. Qf4 Bb7 13. e4 Nd7 14. e5 dxe5 15. dxe5 Be7 16. Rad1 Qc8 17. h4 {1-0 Oparin,G (2667)-Iturrizaga Bonelli,E (2636) Chessable Play In Match rapid 2023 (1.3)}) 11... Bxg2 12. Kxg2 d5 13. e4 c6 14. Rc1 Re8 (14... a5 $1 $11) 15. Qf3 $14 Na6 16. Qd3 {[%emt 0:14:51] And now cxd5 would win.} Nc7 17. b3 dxe4 18. Nxe4 Be7 19. Rcd1 a5 20. a4 Na6 21. Re2 Nb4 22. Qf3 Rc8 23. h4 Rc7 (23... Rf8 $14) 24. Ba1 ({White should play} 24. d5 $1 $16 cxd5 25. Qg4) 24... Rd7 25. Qc3 {[%emt 0:05:32][%cal Od4d5] next d5! is good for White.} Bf8 26. Rde1 Qb8 (26... Ree7 $11 {feels stronger.}) 27. f4 Red8 28. Qf3 $1 c5 {[%emt 0:03:49] [#]} 29. d5 f5 $1 $11 (29... exd5 $2 30. Nf6+ Kh8 31. Nxd7 $18) 30. Ng5 exd5 31. Ne6 {[%emt 0:00:43][%cal Oa1g7] Strongly threatening Bxg7!} (31. Qh5 g6 32. Qf3 d4 $17) 31... Re8 {[%emt 0:03:45] aiming for ...d4.} 32. cxd5 Nxd5 33. h5 Qb7 34. h6 gxh6 (34... g6 $1 $11) 35. Nxf8 (35. Kg1 $16) 35... Rxe2+ 36. Rxe2 Kxf8 37. Kh2 {[%emt 0:01:17] [#]} (37. Kf2 $11 Ne7 38. Qxb7 (38. Qh5 Qc6 $17) 38... Rxb7 39. Re6) 37... Qc6 ({Of course not} 37... Re7 $6 38. Rxe7 Kxe7 39. Qe2+ Kd7 40. Qd3 $11) (37... Nf6 $1 $17 38. Qxb7 Ng4+ 39. Kg2 Rxb7) 38. Re5 (38. Qh5 $2 Ne7 39. Qh4 Qg6 $19) 38... Ne7 39. Rxf5+ {[%emt 0:00:12][%mdl 64] Deflection} (39. Qxc6 {simplifies} Nxc6 40. Rxf5+ Ke7 41. Rh5) 39... Kg8 (39... Ke8 $11 40. Qxc6 Nxc6) 40. Qc3 $2 {[%emt 0:00:22][%mdl 8192] White does not recover from this.} ({Reject} 40. Qg4+ $6 Qg6 41. Qxg6+ hxg6 $11) (40. Qxc6 $14 Nxc6 41. Rf6) 40... Nxf5 $19 41. Qh8+ Kf7 42. Qxh7+ Ke8 {[%emt 0:00:54] ( -> ...Rd2+)} 43. Qxf5 {[%emt 0:01:17][%mdl 4096] Endgame KQR-KQB} Rd2+ 44. Kh3 Qd7 45. Qxd7+ Rxd7 {[%emt 0:00:00] KR-KB} 46. Kh4 Kf7 {[%emt 0:00:00] Threatens to win with ...Rd3.} 47. g4 Rd3 (47... Rd1 $142 48. Bh8 Rd3) 48. f5 Rxb3 {[%emt 0:00:00] Black mates.} 49. Be5 c4 50. Bf4 Kg7 51. Be5+ Kh7 52. f6 Kg6 {[%emt 0:00:53] Weighted Error Value: White=0.75/Black=0.37} 0-1

[Event "Icelandic Chess-ch 2023"]
[Site "Hafnarfjordur"]
[Date "2023.05.15"]
[Round "1.2"]
[White "Ingvason, Johann"]
[Black "Danielsen, Henrik"]
[Result "0-1"]
[ECO "E00"]
[WhiteElo "2076"]
[BlackElo "2501"]
[Annotator "TA"]
[PlyCount "80"]
[EventDate "2023.05.13"]
[EventType "tourn"]
[EventCountry "ISL"]
[SourceTitle "playchess.com"]
[Source "ChessBase"]
[SourceQuality "1"]
[TimeControl "40/5400+30:1800+30"]

1. d4 Nf6 2. c4 e6 3. g3 Bb4+ 4. Nd2 O-O 5. Bg2 Be7 6. Ngf3 {[%emt 0:00:16] E00: Catalan Bogo-Indian (3 g3 Bb4+).} d6 7. O-O {[%emt 0:07:49] [#]} c5 $146 ({Predecessor:} 7... Nbd7 8. e4 e5 9. Qc2 exd4 10. Nxd4 Nc5 11. b4 Ne6 12. Nf5 a5 13. b5 Nc5 14. Nxe7+ Qxe7 {1-0 Shafigullina,Z (2028)-Garifzyanov,N (1874) Nezhmetdinov Memorial 39th 2017 (5)}) 8. e4 {[%emt 0:17:31] White has an edge.} Nc6 9. d5 Nb4 10. a3 (10. Ne1 $14) 10... Nd3 $11 11. Qc2 Nxc1 12. Raxc1 e5 13. b4 b6 14. Nh4 g6 15. Bf3 Bh3 16. Ng2 Nd7 17. Be2 Bg5 18. Rb1 Bh6 19. Rb3 (19. b5 $15) 19... Qe7 (19... cxb4 $17 {Hoping for ...Nc5.} 20. axb4 a5) 20. g4 (20. Rfb1 $11) 20... Bxg2 $17 21. Kxg2 cxb4 22. axb4 a5 23. bxa5 bxa5 24. Ra3 {[%emt 0:00:15] [#]} ({Reject} 24. Rb7 Qd8 25. Rb2 a4 $17) 24... Bxd2 $1 25. Qxd2 Nc5 26. Qe3 (26. Rfa1 $17 {was necessary.}) 26... a4 27. Rfa1 Kh8 (27... Rfb8 $19 28. Bd1 Qd7) 28. Bd1 {[%emt 0:00:36][%cal Rd1a4] [#]} f5 (28... Qd7 $1 $17 29. h3 Rfb8) 29. exf5 $11 gxf5 30. gxf5 {[%emt 0:01:44][%mdl 8192] Now White is beyond hope.} ({Better is} 30. Bxa4 $15 fxg4 31. Bc2 Rxa3 32. Qxa3) 30... Rxf5 $19 {[%emt 0:00:22] White must now prevent ...Rg8+.} ({But not} 30... Qh4 $2 31. Bc2 $19) 31. Qh3 Raf8 32. Rf3 Rxf3 33. Bxf3 e4 34. Bg4 Qg7 35. Ra3 Nd3 {[%emt 0:00:50] ( -> ...Nf4+)} 36. Qg3 {[%emt 0:01:25] White is weak on the dark squares} Rxf2+ ({And not} 36... Nxf2 37. Be2 $17) 37. Kg1 Rf8 (37... Rc2 $142 38. c5 Qd4+ 39. Kh1 Nf2+ 40. Kg2 Nxg4+ {[%mdl 64] Discovered Attack} 41. Kh3 Nf2+ 42. Kg2 e3 43. Rc3 Qxc3 44. Qh4 Ne4+ {[%mdl 64] Discovered Attack} 45. Kh3 e2+ 46. Kg4 Nf6+ 47. Kf4 Qe5+ 48. Kf3 e1=Q 49. Qxf6+ {[%mdl 64] Remove Defender} Qxf6+ 50. Kg4 Qeh4#) 38. Rxa4 Qd4+ {[%emt 0:00:36] Black mates.} 39. Kg2 Rf2+ 40. Kh3 Nf4+ {[%emt 0:00:09] Weighted Error Value: White=1.08/Black=0.35} 0-1

[Event "Icelandic Chess-ch 2023"]
[Site "Hafnarfjordur"]
[Date "2023.05.15"]
[Round "1.3"]
[White "Thorfinnsson, Bragi"]
[Black "Ragnarsson, Dagur"]
[Result "1/2-1/2"]
[ECO "C02"]
[WhiteElo "2431"]
[BlackElo "2346"]
[Annotator "TA"]
[PlyCount "156"]
[EventDate "2023.05.13"]
[EventType "tourn"]
[EventCountry "ISL"]
[SourceTitle "playchess.com"]
[Source "ChessBase"]
[SourceQuality "1"]
[TimeControl "40/5400+30:1800+30"]

1. e4 e6 2. d4 d5 3. e5 c5 4. c3 Nc6 5. Nf3 Qb6 6. Be2 cxd4 7. O-O Bd7 8. cxd4 Nge7 9. Nc3 {[%emt 0:01:09] 9.Na3 is the modern continuation.} Nf5 10. Na4 Qa5 11. Bd2 {[%emt 0:04:02] C02: French: Advance Variation.} Qd8 12. Bf4 Be7 13. g4 {[%emt 0:06:14] White is slightly better.} Nh4 14. Nxh4 Bxh4 15. Nc5 Bc8 {[%emt 0:15:49] [#]} 16. Bg3 $146 ({Predecessor:} 16. Rc1 O-O 17. Be3 Be7 18. f4 Bxc5 19. Rxc5 Bd7 20. Bd3 Rc8 21. Bb1 Ne7 22. Qd3 {0-1 Pirklova,H (2119)-Matras,O (2241) CZE-chT1W 1617 2016 (2.2)}) 16... O-O 17. Rc1 Be7 18. a3 Na5 19. Rc3 b6 20. Nd3 Bb7 21. f4 Rc8 22. Rxc8 Bxc8 23. f5 Nc6 24. fxe6 Bxe6 25. Bf2 Bg5 26. Qe1 Qd7 27. h4 Be7 28. Qd1 f6 29. exf6 Rxf6 {[%emt 0:00:05][%cal Oe6g4] ...Bxg4! would be deadly.} 30. g5 Rf8 31. Be3 Bf5 32. Nf4 Be4 33. Bg4 Qd6 34. Be6+ Kh8 35. Qg4 Nd8 {[%emt 0:01:54] And now ...Nxe6 would win.} 36. Bd7 g6 (36... Qc7 $5 ) 37. Ne2 {[%emt 0:01:37] aiming for Bf4.} Rxf1+ 38. Kxf1 {[%emt 0:00:04] Black must now prevent Bf4.} Bf8 39. Nc3 Bd3+ 40. Kg1 (40. Ke1 $5 ) 40... Bg7 41. Bf2 Kg8 42. Bc8 Bc4 43. Kg2 Nc6 44. Be6+ Kh8 45. Bf7 (45. Bd7 $14 Nd8 46. Bb5) 45... Ne7 $11 46. Bg3 Qd8 47. Be6 {[%emt 0:01:44] Repels Nf5} Bd3 48. h5 {[%emt 0:03:42] Hoping for h6.} Bf5 49. Qe2 {[%emt 0:00:43] Threatens to win with h6.} (49. Bxf5 {simplifies} Nxf5 50. Bf2 Bf8 51. Ne2) 49... gxh5 (49... Bxd4 $2 50. Be5+ Bxe5 51. Qxe5#) 50. Nb5 {[%emt 0:02:47] [#]} (50. Qe3 $11 {keeps the balance.}) 50... h4 51. Nd6 {[%emt 0:02:37] Intending Nf7+ and mate.} (51. Bxf5 $5 hxg3 52. Bd3 $11) 51... Bg6 ({But not} 51... Bxe6 52. Qxe6 Qf8 53. Nf7+ (53. Bxh4 Bxd4 54. Bg3 Ng6 $11) 53... Kg8 54. Nh6+ Kh8 55. Nf7+ (55. Bxh4 Bxd4 56. Bg3 Ng6 $11) 55... Kg8 56. Ne5+ Kh8 57. Nf7+ $14 (57. Bxh4 Bxe5 58. dxe5 Qf5 $11)) 52. Be5 (52. Bf4 $11) 52... Nc6 $1 $17 {[%emt 0:00:11][%csl LRd4,LRg5][%mdl 64] Discovered Attack} 53. Nf7+ (53. Qe3 $17 {is more resistant.} Nxe5 54. dxe5) 53... Bxf7 $19 54. Bxf7 Qxg5+ (54... Nxd4 55. Qe3 Nc2 56. Qf4 Ne1+ 57. Kh1 $17) 55. Kh1 Nxe5 ({Stronger than} 55... Nxd4 56. Bxd4 Bxd4 57. Qe8+ Kg7 58. Qg8+ Kh6 59. Qf8+ Qg7 60. Qxg7+ Bxg7 61. Bxd5 $17) (55... Bxe5 $142 56. dxe5 Ne7) 56. dxe5 Qxe5 57. Qxe5 Bxe5 58. Bxd5 Bxb2 {[%emt 0:00:07][%mdl 4096] Endgame KB-KB} 59. a4 Be5 60. Kg2 Kg7 61. Kh3 Bg3 62. Bc6 Kf6 63. Kg2 Ke5 64. Kh3 Kd6 65. Be8 a6 66. Kg2 Be1 67. Kh3 Kc5 68. Kg2 b5 69. Bxb5 axb5 70. axb5 {[%emt 0:00:04][%cal Ob5b6] [#]} Kxb5 $2 (70... Kb6 $1 $19 {[%cal Oe1g3] ...Bg3! is the strong threat.} 71. Kh3 Bg3) 71. Kh1 {[%emt 0:00:55] The position is equal.} Kc4 72. Kg2 Kd3 73. Kh2 Ke3 74. Kg2 Ke2 75. Kg1 h6 76. Kg2 Bf2 77. Kh2 Kf1 78. Kh1 Bg1 {[%emt 0:00:27] And White is the lucky defender.   Weighted Error Value: White=0.22 (precise) /Black=0.14 (very precise)} 1/2-1/2

[Event "Icelandic Chess-ch 2023"]
[Site "Hafnarfjordur"]
[Date "2023.05.15"]
[Round "1.4"]
[White "Stefansson, Hannes"]
[Black "Kjartansson, Gudmundur"]
[Result "0-1"]
[ECO "C65"]
[WhiteElo "2521"]
[BlackElo "2402"]
[Annotator "TA"]
[PlyCount "140"]
[EventDate "2023.05.13"]
[EventType "tourn"]
[EventCountry "ISL"]
[SourceTitle "playchess.com"]
[Source "ChessBase"]
[SourceQuality "1"]
[TimeControl "40/5400+30:1800+30"]

1. e4 e5 2. Nf3 Nc6 3. Bb5 Nf6 4. d3 Bc5 5. c3 d5 6. Qc2 {[%emt 0:05:41] C65: Ruy Lopez: Berlin Defence (3...Nf6), unusual lines and 4 0-0 Bc5.} dxe4 7. dxe4 Qe7 8. O-O {[%emt 0:00:33] The position is equal.} O-O 9. a4 a5 10. Nbd2 Nb8 11. Nb3 Bb6 {[%emt 0:01:16] [#]} 12. Nfd2 $146 ({Predecessor:} 12. Bg5 Bg4 13. Be2 Nbd7 14. h3 Be6 15. Nbd2 c6 16. Nc4 Bc7 17. Ne3 h6 18. Bh4 {½-½ Vokhidov,S (2552)-Bok,B (2616) Chess.com Rapid Wk20 Swiss 2022 (4)}) 12... c6 13. Be2 Be6 14. Nc4 Bc7 15. Bg5 Nbd7 16. Bh4 h6 17. Rfd1 Rfd8 18. f3 b5 19. axb5 a4 20. Nbd2 cxb5 21. Na3 b4 22. cxb4 Bb6+ 23. Kh1 Qxb4 24. Nb5 (24. Ndc4 $11 {keeps the balance.}) 24... Rdc8 $17 {[%emt 0:01:39] Black is more active.} 25. Qb1 (25. Qd3 $17) 25... Ra5 $2 ({Black should play} 25... Nh5 $19 {Hoping for ...g5.} 26. Bd3 Nf4) 26. Na3 $1 $15 Bd4 {[%emt 0:04:28] White must now prevent ...Rac5.} 27. Nc2 Qxb2 28. Nxd4 Qxb1 ({Don't do} 28... Qxd4 29. Nc4 $14) 29. Nxb1 {[%emt 0:00:42] Nxe6 would be deadly.} exd4 30. Rxd4 Nc5 {[%emt 0:03:20] aiming for ...Nb3.} 31. Rd1 $1 Nb3 {[%emt 0:01:28] Excellent horsemanship.} 32. Ra3 (32. Be1 $1 $15) 32... Rac5 $1 $17 {[%emt 0:04:07] Threatens to win with ...Rc1.} 33. Be1 {[%emt 0:03:58] [#]} (33. Rxa4 $2 Rc2 34. Re1 g5 $19) 33... Rc2 ({Better is} 33... Nd4 $1 $17 34. Bf2 (34. Rxd4 $2 {too greedy.} Rc1 $19) 34... Nxe2 35. Bxc5 Rxc5 36. Rxa4 Bb3 37. Ra8+ Kh7) 34. Nc3 $11 R2xc3 35. Bxc3 Rxc3 36. Bb5 {[%emt 0:01:31] [#]} Nd7 $1 37. Bxa4 Ndc5 38. Bxb3 Nxb3 39. h4 g5 40. hxg5 hxg5 41. Kh2 Kg7 42. Ra8 Rc2 43. Rad8 Kf6 44. Kg3 Na5 45. R8d2 Rc3 46. Rd3 Rc5 47. Kf2 Nc6 48. R1d2 Ne5 49. Re3 Rc1 50. Re1 Rc3 {[%emt 0:00:00] Strongly threatening ...Nd3+.} 51. Ra1 g4 52. fxg4 Nxg4+ 53. Kg1 Ke5 54. Rb2 {[%emt 0:00:48] Now White is beyond hope.} (54. Re2 $17 {might work better.}) 54... Kxe4 $19 55. Rb4+ Kf5 56. Rb5+ {[%emt 0:01:37] [#]} Kg6 $1 57. Rb2 Bd5 58. Rd2 Be4 59. Rda2 $2 (59. Kf1) 59... Rg3 60. Re1 f5 61. Rae2 Rc3 {[%emt 0:00:00] ...Ra3 is the strong threat.} 62. Ra2 Kg5 63. Rea1 Rg3 64. Re1 Kh4 65. Rea1 Ne3 66. Re1 $2 (66. Kf2) 66... Nxg2 ({Worse is} 66... Rxg2+ 67. Rxg2 Nxg2 68. Rxe4+ fxe4 69. Kxg2 $11) 67. Rxe4+ fxe4 {[%emt 0:01:04][%cal Bf5e4,Be4e3][%mdl 32] Black mates.} 68. Rxg2 Kg4 69. Kf1 Rxg2 70. Kxg2 e3 {[%emt 0:00:02] Weighted Error Value: White=0.19 (very precise) /Black=0.08 (flawless)} 0-1

[Event "Icelandic Chess-ch 2023"]
[Site "Hafnarfjordur"]
[Date "2023.05.15"]
[Round "1.5"]
[White "Heimisson, Hilmir Freyr"]
[Black "Stefansson, Vignir Vatnar"]
[Result "1/2-1/2"]
[ECO "C67"]
[WhiteElo "2353"]
[BlackElo "2470"]
[Annotator "TA"]
[PlyCount "60"]
[EventDate "2023.05.13"]
[EventType "tourn"]
[EventCountry "ISL"]
[SourceTitle "playchess.com"]
[Source "ChessBase"]
[SourceQuality "1"]
[TimeControl "40/5400+30:1800+30"]

1. e4 e5 2. Nf3 Nc6 3. Bb5 Nf6 4. O-O Nxe4 5. Re1 Nd6 6. Nxe5 Be7 7. Bf1 Nxe5 8. Rxe5 O-O {[%emt 0:00:04] The position is equal.} 9. Nc3 {[%emt 0:02:38][%cal Bb1c3,Bc3d5,Bd5e3,Be3f5][%mdl 32] C67: Ruy Lopez: Berlin Defence: 4 0-0 Nxe4.} Ne8 (9... Bf6 $5 10. Re1 b6 $11) 10. Nd5 {[%emt 0:00:30] Black is weak on the light squares} Bd6 11. Re1 c6 ({Don't do} 11... Qh4 12. g3 Qd8 13. Ne3 $16) 12. Ne3 Be7 ({Don't play} 12... Qh4 13. g3 Qf6 14. d4 $16) 13. Nf5 Bg5 14. d4 Bxc1 15. Rxc1 d5 16. Ne7+ Kh8 {[%emt 0:00:04] [#] aiming for ...Be6.} 17. Nxc8 Rxc8 18. c3 {[%emt 0:01:50] [#]} Nf6 $146 ({Predecessor:} 18... Nd6 19. Bd3 Re8 20. Re5 Qd7 21. Qf3 f6 22. Ree1 Rxe1+ 23. Rxe1 Re8 24. Rxe8+ Qxe8 {½-½ Bacrot,E (2678)-So,W (2770) Paris GCT Rapid 2021 (9)}) 19. Bd3 Re8 20. Rc2 Rc7 21. Rce2 Rce7 22. f3 g6 23. Qd2 Kg7 24. Kf2 Rxe2+ 25. Rxe2 Rxe2+ 26. Qxe2 $11 {[%emt 0:06:55] KQB-KQN} Qe8 27. Qd2 Qb8 28. g3 Qd6 29. Qe3 h5 30. h4 a5 {[%emt 0:00:05] An uneventful encounter.   Weighted Error Value: White=0.03 (flawless) /Black=0.03 (flawless)} 1/2-1/2

[Event "Icelandic Chess-ch 2023"]
[Site "Hafnarfjordur"]
[Date "2023.05.15"]
[Round "1.6"]
[White "Gretarsson, Hjorvar Steinn"]
[Black "Hjartarson, Johann"]
[Result "1/2-1/2"]
[ECO "B42"]
[WhiteElo "2539"]
[BlackElo "2466"]
[Annotator "TA"]
[PlyCount "129"]
[EventDate "2023.05.13"]
[EventType "tourn"]
[EventCountry "ISL"]
[SourceTitle "playchess.com"]
[Source "ChessBase"]
[SourceQuality "1"]
[TimeControl "40/5400+30:1800+30"]

1. e4 c5 2. Nf3 e6 3. d4 cxd4 4. Nxd4 a6 5. Bd3 Nf6 6. O-O Qc7 7. Qe2 d6 8. c4 Nbd7 $1 {[%emt 0:03:45][%mdl 4] is currently scoring better than 8...g6.} 9. Nc3 {[%emt 0:09:01] B42: Sicilian: Kan Variation: 5 Bd3.} Ne5 10. f4 Nxd3 (10... Qb6 {with more complications.} 11. Be3 Nfg4 12. Na4 Qa5) 11. Qxd3 {[%emt 0:00:04] White has an edge.} Be7 12. b3 b6 13. Bb2 (13. Kh1 $14 {is superior.}) 13... O-O $11 14. Kh1 Bb7 15. f5 e5 16. Nc2 {[%emt 0:01:46] [#]} b5 $1 {[%emt 0:08:17] [#]} 17. cxb5 $146 (17. Ne3 Rfc8) ({Predecessor:} 17. Ne3 bxc4 18. bxc4 Rfc8 19. Rfd1 Rab8 20. Rab1 Qc5 21. Bc1 Bc6 22. Rxb8 Rxb8 23. h3 {1-0 Baskin,R (2381)-Hahn,M (2271) Pfalz op-A 11th 2020 (6)}) 17... axb5 18. Nb4 Qc5 19. a3 Rfc8 20. Rae1 (20. Rac1 $5 Qb6 21. Ncd5 Nxd5 22. Nxd5 Bxd5 23. Qxd5 $11) 20... h6 21. h3 Bd8 22. Qxb5 {[%emt 0:08:32] [#]} (22. Rd1 $11) 22... Bxe4 23. Qxc5 dxc5 24. Nxe4 cxb4 25. a4 Nd7 (25... Bc7 $11 {remains equal.}) 26. Rd1 ({White should try} 26. Rc1 $16) 26... Rc2 27. Rxd7 Rxb2 28. f6 Bxf6 ({Resist} 28... Rxb3 29. fxg7 Re3 30. Rfxf7 $18) 29. Nxf6+ gxf6 30. Rxf6 Rxb3 31. Rfxf7 {[%emt 0:00:13][%mdl 4096] Endgame Black must now prevent Rg7+. KRR-KRR} Rg3 {[%emt 0:00:07] Against Rg7+} ({Much less strong is} 31... Rxa4 32. Rg7+ Kh8 33. Rh7+ Kg8 34. Rdg7+ Kf8 35. Rd7 $16 (35. Rf7+ Kg8 $16)) 32. Rfe7 b3 (32... Rxa4 $2 33. Re8#) (32... Rb8 $11) 33. Rb7 $16 Kf8 34. Kh2 (34. Rh7 $16) 34... Rg6 $1 $14 35. Rxe5 {[%emt 0:02:37] Threatens to win with Re4.} Rxa4 36. Rc5 Ra8 {[%emt 0:00:16] Repels Rc8+} 37. Rxb3 Kg8 38. g4 Ra7 39. Kg3 Kh7 40. Kh4 Rd7 41. Rb8 Rg8 42. Rbb5 Rg6 43. Kh5 Rdg7 44. Rf5 Rg8 45. Kh4 Rd6 46. Rfe5 Kg6 47. Rb7 Ra6 48. Re3 {[%emt 0:00:00] White has more active pieces.} Rc6 49. Rb5 Rgc8 50. Ree5 R8c7 51. Re3 Rc8 $1 52. Rf3 R8c7 53. Kg3 Rc3 54. Rb6+ Kg7 55. Rb3 Rxb3 56. Rxb3 {[%emt 0:00:00] KR-KR} Rc6 57. h4 h5 58. g5 Rc4 59. Rb7+ Kg6 60. Rb6+ Kg7 61. Rh6 Rg4+ 62. Kh3 Ra4 63. Rxh5 {[%emt 0:00:00] Rh6 is the strong threat.} (63. Rf6 $5 ) 63... Ra6 {[%emt 0:00:08] Against Rh6} 64. Kg4 Rb6 65. Rh6 {[%emt 0:00:21] Weighted Error Value: White=0.15 (very precise) /Black=0.12 (very precise)} 1/2-1/2

[Event "Icelandic Chess-ch 2023"]
[Site "Hafnarfjordur"]
[Date "2023.05.16"]
[Round "2.1"]
[White "Ptacnikova, Lenka"]
[Black "Hjartarson, Johann"]
[Result "1/2-1/2"]
[ECO "E67"]
[WhiteElo "2099"]
[BlackElo "2466"]
[Annotator "TA"]
[PlyCount "103"]
[EventDate "2023.05.13"]
[EventType "tourn"]
[EventCountry "ISL"]
[SourceTitle "playchess.com"]
[Source "ChessBase"]
[SourceQuality "1"]
[TimeControl "40/5400+30:1800+30"]

1. c4 Nf6 2. g3 g6 3. Bg2 Bg7 4. Nc3 O-O 5. d4 d6 6. Nf3 Nbd7 7. O-O e5 8. dxe5 dxe5 9. Bg5 h6 10. Bd2 {[%emt 0:02:21] E67: King's Indian: Fianchetto: 6...Nbd7.} c6 {[%emt 0:01:10] [#]} 11. Ne1 $146 ({Predecessor:} 11. Qc1 Kh7 12. b4 e4 13. Nh4 Re8 14. c5 Qe7 15. Bh1 a5 16. a3 axb4 17. axb4 Rxa1 18. Qxa1 {0-1 Li,X (2328)-Murzin,V (2464) RBI op Qualifier 1 blitz 2020 (4)}) 11... Re8 12. Nc2 {[%emt 0:01:53] The position is equal.} Qe7 13. Rb1 a5 14. b3 Nc5 15. Ne3 Nfd7 16. a3 Ne6 17. b4 axb4 18. axb4 Nd4 (18... f5 $15) 19. c5 $1 $11 Nf6 20. Nc4 $1 Bf5 21. Rb2 Red8 22. Nd6 Be6 23. b5 Ra3 24. bxc6 bxc6 25. Rb7 Qf8 26. Nce4 Nxe4 27. Bxe4 f5 28. e3 (28. Bg2 $11) 28... fxe4 29. exd4 exd4 30. Nxe4 Bd5 {[%emt 0:02:59] A strong pair of Bishops.} (30... Rd7 $17 31. Rxd7 Bxd7) 31. f3 (31. Qg4 $1 $11 Qf5 32. Qxf5 gxf5 33. Bxh6 (33. Nd6 Rf8 $11) 33... Bxh6 34. Nf6+ Kf8 35. Nh7+ Kg8 36. Nf6+ Kf8 37. Nh7+ Kg8 38. Nf6+) 31... Rda8 $17 32. Bf4 Bxe4 (32... g5 $17 33. Bc1 (33. Bd6 Qf5 $19) 33... R3a7 34. Rxa7 Rxa7) 33. fxe4 $11 Qxc5 {[%emt 0:00:15] [#] ...d3+ is the strong threat.} 34. Qg4 {[%emt 0:02:18] Intending Qe6+ and mate.} d3+ 35. Kh1 {[%emt 0:00:18] Qe6+ would kill now.} R3a7 36. Rxa7 Qxa7 37. Qxg6 Rf8 (37... Qd4 $11 {remains equal.}) 38. Qxc6 $16 {[%emt 0:01:10] Qd5+ would be deadly.} Qd4 39. Qd5+ ({Better is} 39. Kg2 $16) 39... Qxd5 $1 $11 40. exd5 {[%emt 0:00:03][%mdl 4096] Endgame And now Rd1 would win. KRB-KRB} Rf5 41. d6 {[%emt 0:31:44] Threatens to win with Rd1. White is slightly better.} Rd5 42. Kg2 h5 ({Much less strong is} 42... d2 43. Rd1 Bc3 44. Kf2 $16 (44. Bxh6 Rxd6 45. Be3 Re6 $16)) 43. Kf3 d2 44. Rd1 Bc3 45. Ke2 Bb4 46. Bxd2 Bxd6 47. Bf4 {[%emt 0:00:00][%mdl 64] [#] Discovered Attack} Rxd1 48. Kxd1 Be7 49. Ke2 Kf7 50. Kf3 Kg6 51. Ke4 Bf6 52. h3 {[%emt 0:00:00] Weighted Error Value: White=0.15 (very precise) /Black=0.16 (very precise)} 1/2-1/2

[Event "Icelandic Chess-ch 2023"]
[Site "Hafnarfjordur"]
[Date "2023.05.16"]
[Round "2.2"]
[White "Stefansson, Vignir Vatnar"]
[Black "Gretarsson, Hjorvar Steinn"]
[Result "1/2-1/2"]
[ECO "B90"]
[WhiteElo "2470"]
[BlackElo "2539"]
[Annotator "TA"]
[PlyCount "66"]
[EventDate "2023.05.13"]
[EventType "tourn"]
[EventCountry "ISL"]
[SourceTitle "playchess.com"]
[Source "ChessBase"]
[SourceQuality "1"]
[TimeControl "40/5400+30:1800+30"]

1. e4 c5 2. Nf3 d6 3. d4 cxd4 4. Nxd4 Nf6 5. Nc3 a6 6. Rg1 (6. Bg5 $142) 6... h5 {[%emt 0:01:25] B90: Sicilian Najdorf: Unusual White 6th moves, 6 Be3 Ng4 and 6 Be3 e5.} (6... b5 $11) 7. Be3 e6 8. h3 b5 $1 9. a3 Bb7 10. Bd3 {[%emt 0:06:36] [#]} Nc6 $146 ({Predecessor:} 10... e5 11. Nb3 h4 12. Qd2 Nbd7 13. f4 Be7 14. O-O-O Rc8 15. Kb1 Qc7 16. Qf2 Nc5 17. Nxc5 dxc5 18. fxe5 Qxe5 {½-½ Kacharava,N (2512)-Mendonca,L (2558) Wch U20 59th 2022 (10)}) 11. Nxc6 Bxc6 12. g4 hxg4 13. hxg4 g6 14. Qd2 Bg7 ({Black should play} 14... Rb8 $11) 15. Bd4 e5 16. Be3 Qd7 17. g5 Ng4 18. O-O-O (18. Bb6 $16) 18... Nxe3 $11 19. Qxe3 Qa7 20. Qxa7 Rxa7 21. Rh1 {[%emt 0:00:06] Dodges Bf8} Rxh1 22. Rxh1 f6 23. gxf6 Bxf6 24. Nd5 {[%emt 0:00:10] The position is equal.} Rf7 25. Kd1 Kf8 26. c3 Kg7 27. Ke2 Bd8 28. b4 a5 29. Rb1 Ra7 30. c4 axb4 31. Nxb4 bxc4 32. Nxc6 cxd3+ 33. Kd1 Ra8 {[%emt 0:01:14] Weighted Error Value: White=0.11 (very precise) /Black=0.09 (flawless)} (33... Rxa3 $2 34. Nxd8 Ra4 35. Rb3 $18) 1/2-1/2